 Dungeon Crawl Stone Soup version 0.25.1-2-g60ff931df9 (webtiles) character file.

Game seed: 5409102384688128382

22 lepoulpe303 the Shooter (level 2, -1/25 HPs)
             Began as a Draconian Hunter on Sept 30, 2020.
             Slain by a giant cockroach (2 damage)
             ... on level 1 of the Dungeon.
             The game lasted 00:01:59 (860 turns).

lepoulpe303 the Shooter (Draconian Hunter)           Turns: 860, Time: 00:01:59

Health: -1/25      AC:  4    Str: 14    XL:     2   Next: 68%
Magic:  2/2        EV: 12    Int: 11    God:
Gold:   27         SH:  0    Dex: 11    Spells: 1/1 levels left

rFire    . . .     SeeInvis .   b - +0 short sword
rCold    . . .     Gourm    .   (no shield)
rNeg     . . .     Faith    .   (armour unavailable)
rPois    .         Spirit   .   (helmet restricted)
rElec    .         Reflect  .   (no cloak)
rCorr    .         Harm     .   (no gloves)
MR       .....                  (no boots)
Stlth    +.........             (no amulet)
HPRegen  0.08/turn              (no ring)
MPRegen  0.08/turn              (no ring)

@: no status effects
A: unfitting armour, cold-blooded, AC +4
a: no special abilities


You were on level 1 of the Dungeon.
You were not hungry.

You visited 1 branch of the dungeon, and saw 2 of its levels.

You collected 27 gold pieces.

Inventory:

Hand Weapons
 a - a +1 shortbow
 b - a +0 short sword (weapon)
Missiles
 Q - 17 arrows
Scrolls
 c - 2 scrolls of identify {unknown}
 d - a scroll of blinking {unknown}
 f - a scroll of amnesia {unknown}
 g - a scroll of remove curse {unknown}
 h - a scroll of enchant weapon {unknown}
 j - a scroll of noise {unknown}
Potions
 i - a potion of cancellation {unknown}
 k - a potion of might {unknown}
 l - a potion of heal wounds {unknown}
Comestibles
 e - 3 rations


   Skills:
 * Level 2.8 Fighting
 * Level 3.9 Bows
 + Level 2.0 Dodging
 - Level 0.8 Stealth


You had one spell level left.
You didn't know any spells.
Your spell library was empty.

Dungeon Overview and Level Annotations

Branches:
Dungeon (2/15)

Altars:


Innate Abilities, Weirdness & Mutations

Your plain brown scales are hard. (AC +4)
You cannot fit into any form of body armour.
You are cold-blooded and may be slowed by cold attacks.


Message History

* * * LOW HITPOINT WARNING * * *
The giant cockroach bites you.
* * * LOW HITPOINT WARNING * * *
You take 9 damage, and have 10/25 hp.
MASSIVE DAMAGE!!
You hit the giant cockroach but do no damage.
The kobold completely misses you.
The giant cockroach bites you but does no damage.
The goblin hits you with a +0 club.
* * * LOW HITPOINT WARNING * * *
You take 2 damage, and have 8/25 hp.
You hit the giant cockroach but do no damage.
The kobold hits you with a +0 whip!
* * * LOW HITPOINT WARNING * * *
The giant cockroach barely misses you. The goblin barely misses you.
The kobold closely misses you.
You take 7 damage, and have 1/25 hp.
MASSIVE DAMAGE!!
You hit the giant cockroach. The giant cockroach bites you.
You die...

........## #..# ##.....#.....
(......## #).# #.#########.
[......# ##..# #.....#...[.
.......### #...####.###.#.###.
.........######........# #.#.# #.
.................####..###.#.###.
#...##...........# #............
#....##..#####.Kg# #############
#..............s@# ######....
.........#####.#########.........
.........................####)###
...............########### #.# #
#.##.##.######## #.# #.##....#
#.# #.####..# #.## #.# #..# #..#
#.# #..# ##.#


You could see a giant cockroach, a goblin and a kobold.

Levels and vault maps discovered:
D:1:      mrwooster_arrival_statue_2, layout_loops_ring, minmay_misc_feat_cross
D:2:      layout_loops_ring, overflow_temple_1_default, elyvilon_altar_3,
          lemuel_round_altar, uniq_robin

Notes
Turn   | Place    | Note
-------+----------+-------------------------------------------
     0 | D:1      | lepoulpe303 the Draconian Hunter began the quest for the
                  | Orb.
     0 | D:1      | Reached XP level 1. HP: 17/17 MP: 1/1
     6 | D:1      | Identified a +0 short sword
    10 | D:1      | Identified a +0 club
    80 | D:1      | Identified a +0 club
   196 | D:1      | Identified a +0 club
   204 | D:1      | Reached XP level 2. HP: 24/25 MP: 2/2
   212 | D:1      | Identified a +0 short sword
   256 | D:1      | Identified a +0 club
   257 | D:1      | Identified a +0 club
   266 | D:1      | Reached skill level 2 in Dodging
   677 | D:1      | Identified a +0 dagger
   845 | D:2      | Identified a +0 whip
   845 | D:2      | Identified a +0 club
   846 | D:2      | Identified a +1 shortbow
   859 | D:1      | HP: 1/25 [kobold/+0 whip (7)]
   860 | D:1      | Slain by a giant cockroach

Table legend:
 A = Turns spent in this place as a percentage of turns spent in the entire game.
 B = Non-inter-level travel turns spent in this place as a percentage of non-inter-level travel turns spent in the entire game.
 C = Inter-level travel turns spent in this place as a percentage of turns spent in this place.
 D = Turns resting spent in this place as a percentage of non-inter-level travel turns spent in this place.
 E = Turns spent auto-exploring this place as a percentage of non-inter-level travel turns spent in this place.
 F = Non-inter-level travel turns spent in this place divided by the number of levels of this place that you've seen.
                   A       B       C       D       E      F
               +-------+-------+-------+-------+-------+----------------------
         Total | 100.0 | 100.0 |   5.7 |  18.7 |  61.4 | 405.5
       Dungeon | 100.0 | 100.0 |   5.7 |  18.7 |  61.4 | 405.5
               +-------+-------+-------+-------+-------+----------------------

Table legend:
 A = Kills in this place as a percentage of kills in entire the game.
 B = Kills by you in this place as a percentage of kills by you in the entire game.
 C = Kills by friends in this place as a percentage of kills by friends in the entire game.
 D = Other kills in this place as a percentage of other kills in the entire game.
 E = Experience gained in this place as a percentage of experience gained in the entire game.
 F = Experience gained in this place divided by the number of levels of this place that you have seen.
                   A       B       C       D       E      F
               +-------+-------+-------+-------+-------+----------------------
         Total | 100.0 | 100.0 |   N/A |   N/A | 100.0 |  16.0
       Dungeon | 100.0 | 100.0 |   N/A |   N/A | 100.0 |  16.0
               +-------+-------+-------+-------+-------+----------------------

Skill      XL: |  1  2 |
---------------+-------+-----
Dodging        | 2 |  2.0
Fighting       | |  2.8
Bows           | |  3.9
Stealth        | |  0.8

Action                   || total
-------------------------++-------
Melee: Short sword       ||    69
       Tailslap          ||     1
 Fire: Shortbow          ||     3
 Stab: Sleeping          ||     1
Armor: Skin              ||    25
Dodge: Dodged            ||    54

Vanquished Creatures
  A worm (D:2)
  2 bats (D:1)
  A giant cockroach (D:1)
  4 hobgoblins (D:1)
  6 kobolds (D:1)
  2 frilled lizards (D:1)
  A goblin (D:1)
  A rat (D:1)
18 creatures vanquished.
